 Dungeon Crawl Stone Soup version 0.29-a0-1027-gcd8c55af63 (webtiles) character file.

Game seed: 11721978686886662177

285206 wingedge the Severer (level 21, -14/229 HPs)
             Began as a Human Wanderer on Aug 13, 2022.
             Was a High Priest of Trog.
             Demolished by a rockslime (26 damage)
             ... created by the Royal Jelly
             ... on level 5 of the Pits of Slime.
             The game lasted 02:44:24 (38366 turns).

wingedge the Severer (Human Wanderer)              Turns: 38366, Time: 02:44:24

Health: -14/229    AC: 27    Str: 32    XL:     21   Next: 48%
Magic:  21/21      EV: 12    Int: 11    God:    Trog [*****.]
Gold:   2438       SH: 27    Dex: 16    Spells: 20/20 levels left

rFire   + + .      SeeInvis +   V - +6 broad axe of Eternal Harmony {vorpal, Fragile rElec Will+++ Str+4}
rCold   + . .      Faith    .   z - +2 tower shield
rNeg    . . .      Spirit   .   Y - +15 Maxwell's patent armour {-Cast -Tele rElec Will+ rCorr}
rPois   .          Reflect  +   t - +2 helmet
rElec   +          Harm     .   p - scarf {rC+ rF+}
rCorr   +          Rampage  .   W - +0 pair of gloves "Ysozuk" {Will+ SInv}
Will    +++++      Clarity  +   k - +2 pair of boots
Stlth   .......... NoTele   +   S - amulet of reflection
HPRegen 1.48/turn  NoCast   +   b - +4 ring of slaying
MPRegen 0.17/turn               B - ring "Ilirreil" {Fly rF+ Str+6}

@: mighty, berserking (expiring), strong-willed, corroded, flying, regenerating,
hasted, studying Short Blades, very quick
A: clarity, frail 1, screaming 1, evolution 1
}: 2/15 runes: barnacled, gossamer
a: Renounce Religion, Berserk, Trog's Hand, Brothers in Arms


You were on level 5 of the Pits of Slime.
You worshipped Trog.
Trog was extremely pleased with you.
You visited 7 branches of the dungeon, and saw 38 of its levels.

You collected 3775 gold pieces.
You spent 1337 gold pieces at shops.

Inventory:

Hand Weapons
 a - the +8 war axe of Lust {freeze, rPois}
   (You found it on level 5 of the Dungeon)

   It freezes those it strikes, dealing additional cold damage.
   It can also slow down cold-blooded creatures.
   rPois:     It protects you from poison.
 w - a +2 eveningstar of holy wrath
 V - the +6 broad axe of Eternal Harmony (weapon) {vorpal, Fragile rElec Will+++ Str+4}
   (Trog gifted it to you on level 1 of the Elven Halls)

   It inflicts extra damage upon your enemies.
   Str:       It affects your strength (+4).
   rElec:     It insulates you from electricity.
   Fragile:   It will be destroyed if unequipped.
   Will:      It greatly increases your willpower.
Missiles
 f - 30 boomerangs (quivered)
 D - 11 silver javelins
 P - 8 throwing nets
Armour
 k - a +2 pair of boots (worn)
 p - a scarf of resistance (worn)
 t - a +2 helmet (worn)
 z - a +2 tower shield (worn)
 W - the +0 pair of gloves "Ysozuk" (worn) {Will+ SInv}
   (You found it on level 4 of the Spider Nest)

   SInv:      It lets you see invisible.
   Will:      It increases your willpower.
 Y - the +15 Maxwell's patent armour (worn) {-Cast -Tele rElec Will+ rCorr}
   (You acquired it on level 12 of the Dungeon)

   rElec:     It insulates you from electricity.
   -Cast:     It prevents spellcasting.
   -Tele:     It prevents most forms of teleportation.
   rCorr:     It protects you from acid and corrosion.
   Will:      It increases your willpower.
Jewellery
 b - a +4 ring of slaying (left hand)
 l - an amulet of regeneration
 n - the ring "Xicaru" {Wiz Str+3}
   (You found it on level 3 of the Elven Halls)

   [ring of wizardry]

   It improves your spell success rate.
   Str:       It affects your strength (+3).
 s - a ring of poison resistance
 B - the ring "Ilirreil" (right hand) {Fly rF+ Str+6}
   (You bought it in a shop on level 2 of the Orcish Mines)

   [ring of strength]

   Str:       It affects your strength (+6).
   rF:        It protects you from fire.
   Fly:       It grants you flight.
 S - an amulet of reflection (around neck)
Wands
 e - a wand of digging (17)
 A - a wand of mindburst (5)
 C - a wand of iceblast (12)
 O - a wand of quicksilver (6)
Scrolls
 c - a scroll of brand weapon
 g - 11 scrolls of blinking
 i - 11 scrolls of teleportation
 j - 5 scrolls of enchant weapon
 r - 4 scrolls of fear
 u - 3 scrolls of magic mapping
 v - 4 scrolls of fog
 x - 4 scrolls of poison
 y - 2 scrolls of enchant armour
 E - 5 scrolls of silence
 G - 6 scrolls of immolation
 M - a scroll of summoning
 Q - 5 scrolls of torment
 X - 4 scrolls of vulnerability
Potions
 d - 4 potions of ambrosia
 o - 2 potions of invisibility
 q - 6 potions of might
 H - 3 potions of resistance
 I - a potion of cancellation
 K - 2 potions of magic
 L - 6 potions of attraction
 N - a potion of mutation
 R - a potion of heal wounds
 T - 13 potions of curing
Miscellaneous
 h - a tin of tremorstones (2/2)
 m - a phantom mirror
 F - a phial of floods
 J - a condenser vane
 U - a lightning rod (4/4)


   Skills:
 - Level 16.0 Fighting
 - Level 2.0 Short Blades
 - Level 18.8(19.0) Axes
 - Level 4.0(12.9) Polearms
 - Level 17.0 Throwing
 - Level 13.0 Armour
 + Level 11.9 Dodging
 - Level 3.0 Stealth
 - Level 17.0 Shields
 - Level 10.0 Evocations


You had 20 spell levels left.
You didn't know any spells.
Your spell library contained the following spells:

 Spells                   Type           Power      Damage    Failure   Level
 Scorch                   Fire           0%         2d5       100%        2
 Sublimation of Blood     Necr           0%         N/A       100%        2
 Wereblood                Tmut           0%         N/A       100%        2
 Call Canine Familiar     Summ           0%         N/A       100%        3
 Confusing Touch          Hex            0%         N/A       100%        3
 Ozocubu's Armour         Ice            0%         N/A       100%        3
 Portal Projectile        Hex/Tloc       0%         N/A       100%        3
 Cause Fear               Hex            0%         N/A       100%        4
 Flame Wave               Conj/Fire      0%         2d4       100%        4
 Leda's Liquefaction      Hex/Erth       0%         N/A       100%        4
 Petrify                  Tmut/Erth      0%         N/A       100%        4
 Summon Ice Beast         Ice/Summ       0%         N/A       100%        4
 Fireball                 Conj/Fire      0%         3d3       100%        5
 Lee's Rapid Deconstruct  Erth           0%         3d5*      100%        5
 Metabolic Englaciation   Hex/Ice        0%         N/A       100%        5
 Summon Forest            Summ/Tloc      0%         N/A       100%        5
 Summon Mana Viper        Hex/Summ       0%         N/A       100%        5
 Yara's Violent Unravell  Hex/Tmut       0%         3d3       100%        5
 Eringya's Noxious Bog    Tmut/Pois      0%         N/A       100%        6
 Simulacrum               Ice/Necr       0%         N/A       100%        6
 Starburst                Conj/Fire      0%         6d3       100%        6
 Statue Form              Tmut/Erth      0%         N/A       100%        6
 Summon Cactus Giant      Summ           0%         N/A       100%        6
 Dragon Form              Tmut           0%         N/A       100%        7
 Enfeeble                 Hex            0%         N/A       100%        7
 Malign Gateway           Summ/Tloc      0%         N/A       100%        7
 Monstrous Menagerie      Summ           0%         N/A       100%        7
 Summon Hydra             Summ           0%         N/A       100%        7
 Ignition                 Fire           0%         3d3       100%        8
 Summon Horrible Things   Summ           0%         N/A       100%        8
 Dragon's Call            Summ           0%         N/A       100%        9


Dungeon Overview and Level Annotations

Branches:
Dungeon (15/15)            Temple (0/1) D:6            Lair (5/5) D:9
 Shoals (4/4) Lair:2       Spider (4/4) Lair:3        Slime (5/5) Lair:5
    Orc (2/2) D:10            Elf (3/3) Orc:2        Vaults (0/5) D:14
 Depths (0/4) D:15

Altars:
Ashenzari
Cheibriados
Dithmenos
Hepliaklqana
Makhleb
Trog
Vehumet
Wu Jian
Yredelemnul
Jiyva

Shops:
D:14 (=   D:15 *   Orc:2 ??*(=   Elf:2 ?*[?

Portals:
Pandemonium: Orc:2
Trove: Elf:2 (give horn of Geryon)


Innate Abilities, Weirdness & Mutations

You possess an exceptional clarity of mind.
You are frail. (-10% HP)
You occasionally shout uncontrollably at your foes.
You have hidden genetic potential.


Message History

* * * LOW HITPOINT WARNING * * *
You block the azure jelly's attack. x2
The azure jelly hits you but does no damage.
The azure jelly barely misses you.
The acid blob hits you but does no damage.
The azure jelly hits you but does no damage. x2
You block the azure jelly's attack. The azure jelly hits you.
* * * LOW HITPOINT WARNING * * *
You slash the acid blob!
You kill the acid blob!
That felt strangely unrewarding.
You slash the quicksilver ooze! You slice the azure jelly!!
You kill the azure jelly!
That felt strangely unrewarding.
You slice the azure jelly!! x2
You slash the rockslime! You hit the azure jelly. You slice the acid blob!!
You kill the acid blob!
That felt strangely unrewarding.
You block the azure jelly's attack. x2
The azure jelly hits you.
* * * LOW HITPOINT WARNING * * *
You block the azure jelly's attack.
The slime creature jiggles.
The azure jelly hits you!
* * * LOW HITPOINT WARNING * * *
The azure jelly freezes you! You resist.
* * * LOW HITPOINT WARNING * * *
The azure jelly hits you but does no damage.
The azure jelly hits you.
* * * LOW HITPOINT WARNING * * *
The azure jelly hits you.
* * * LOW HITPOINT WARNING * * *
You slice the azure jelly!!
You feel the power of Trog in you as your rage grows.
You kill the azure jelly!
That felt strangely unrewarding.
You closely miss the azure jelly. You slash the rockslime!
You slash the azure jelly!
You kill the azure jelly!
That felt strangely unrewarding.
You hit the rockslime but do no damage.
You block the azure jelly's attack. x3; The azure jelly misses you.
The rockslime hits you!!
You die...

###...................
.....
##..................#
.####
.#..................# #
#..................##
#................J##
................J##
..............J..# #
............JJJJJ# #}#
..............@..########
.................#...#G..
...................#
.................###
.................#
.................#
.................##
..................#
...................#


You could see 2 acid blobs, an azure jelly, 2 slime creatures, 2 rockslimes and
a quicksilver ooze.

Vanquished Creatures
  Nikola (Elf:2)
  Mlioglotl (Spider:2)
  3 deep elf blademasters (Elf:3)
  19 acid blobs
  A kraken (Shoals:1)
  A deep elf master archer (Elf:3)
  Gastronok (D:10)
  Roxanne (D:15)
  4 rockslimes
  Kirke (D:14)
  Donald (Shoals:4)
  4 azure jellies
  6 deep elf sorcerers (Elf:3)
  Aizul (Elf:3)
  6 emperor scorpions (Spider:4)
  2 ghost moths (Spider:4)
  3 deep elf elementalists (Elf:3)
  Louise (Shoals:3)
  A broodmother (Spider:1)
  5 quicksilver oozes
  2 deep elf demonologists (Elf:3)
  A stone giant (D:15)
  7 deep elf annihilators (Elf:3)
  The ghost of spiderkeys the Fighter, a journeyman OpBe of Trog (Lair:5)
  6 entropy weavers
  2 spark wasps
  3 deep elf death magi
  7 merfolk javelineers
  7 merfolk impalers
  5 deep elf high priests (Elf:3)
  4 hydras
  3 great orbs of eyes
  7 boulder beetles
  5 catoblepae
  2 radroaches
  2 jorogumos
  3 merfolk aquamancers (Shoals:4)
  2 centaur warriors
  A merfolk avatar (Shoals:4)
  2 two-headed ogres
  28 dancing weapons
  3 tengu warriors
  13 death yaks
  2 orc high priests
  Amaemon (Lair:1)
  Sonja (Lair:1)
  2 fire crabs (Lair:5)
  27 deep elf knights
  6 pharaoh ants
  8 sea snakes
  3 sun moths
  4 steelbarb worms
  A deep troll (shapeshifter) (D:15)
  15 deep elf archers
  A glowing orange brain (Slime:4)
  9 orb spiders
  A lindwurm (Lair:3)
  21 deep elf zephyrmancers
  15 manticores
  27 deep elf pyromancers
  8 harpies
  4 shining eyes
  4 orc knights
  13 ugly things
  5 orc sorcerers
  2 fauns
  19 wolf spiders
  A moth of wrath (Spider:2)
  8 cyclopes
  4 elephants (Lair:5)
  3 water nymphs
  11 merfolk sirens
  5 black mambas
  The ghost of Newt the Shooter, a novice KoHu (D:6)
  2 eyes of devastation
  6 torpor snails
  A rust devil (Orc:2)
  An orange demon (Lair:1)
  10 demonic crawlers
  A gargoyle (D:12)
  13 cane toads
  An ice devil (Orc:2)
  3 komodo dragons
  Maggie (D:8)
  A freezing wraith (D:15)
  A hellwing (Orc:2)
  4 wind drakes
  A polar bear (Lair:2)
  7 meliai
  24 merfolk
  7 trolls
  16 hornets
  11 tarantellas
  Prince Ribbit (Lair:1)
  4 blink frogs
  12 dream sheep
  A dream sheep (shapeshifter) (Elf:3)
  6 snapping turtles
  19 jumping spiders
  51 slime creatures
  11 water elementals
  A culicivora (shapeshifter) (D:15)
  23 culicivoras
  A centaur simulacrum (D:14)
  12 spriggans (Lair:3)
  5 air elementals
  3 shadows
  5 wyverns
  54 yaks
  3 fire elementals
  A human (shapeshifter) (D:13)
  3 hogs (D:14)
  3 wraiths
  A chaos spawn (Orc:2)
  2 golden eyes (Slime:2)
  9 basilisks
  17 vampire mosquitoes
  2 steam dragons
  41 redbacks
  Menkaure (D:4)
  The ghost of ytrimaz the Changer, an amateur OpTm (D:3)
  3 wargs
  An acid dragon (shapeshifter) (D:15)
  14 water moccasins
  2 acid dragons
  32 orc warriors
  Duvessa (D:4)
  A sky beast (D:6)
  A meliai simulacrum (D:15)
  A black bear (Lair:3)
  4 centaurs
  3 boggarts (Lair:3)
  3 ogres
  3 phantoms
  3 kobold brigands
  14 bullfrogs
  2 gnoll sergeants
  3 scorpions
  A necrophage (D:7)
  2 earth elementals (Elf:1)
  11 wights
  Dowan (D:4)
  13 killer bees
  8 electric eels
  4 howler monkeys
  4 hounds
  23 orc priests
  3 jellies (Lair:5)
  A gnoll bouda (D:6)
  Crazy Yiuf (D:3)
  Ijyb (D:3)
  Jessica (D:3)
  7 hell rats
  5 iguanas
  15 orc wizards
  Robin (D:2)
  10 adders
  12 gnolls
  2 white imps
  5 dart slugs
  5 worms
  93 orcs
  2 bats (D:2)
  4 endoplasms
  6 giant cockroaches
  13 goblins
  12 hobgoblins
  9 jackals
  22 kobolds
  4 quokkas
  10 ball pythons
  3 frilled lizards
  4 rats
  4 tentacles (Shoals:1)
1228 creatures vanquished.

Vanquished Creatures (collateral kills)
  the Royal Jelly (Slime:5)
  Polyphemus (Shoals:2)
  Frances (D:13)
  A demonspawn (Orc:2)
  A tengu warrior (D:13)
  An orc high priest (Orc:2)
  A deep elf knight (Elf:2)
  A sixfirhy (Orc:2)
  An orange crystal statue (D:15)
  An orc knight (Orc:2)
  A deep elf pyromancer (D:13)
  5 orc sorcerers (Orc:2)
  A cyclops (D:15)
17 creatures vanquished.

Vanquished Creatures (others)
  A deep elf knight (Elf:3)
  3 deep elf archers (Elf:2)
  A redback (Spider:4)
  16 fungi
  76 plants
  3 tentacles (Shoals:1)
100 creatures vanquished.

Grand Total: 1345 creatures vanquished

Notes
Turn   | Place    | Note
-------+----------+-------------------------------------------
     0 | D:1      | wingedge the Human Wanderer began the quest for the Orb.
     0 | D:1      | wingedge set off with the following items: a +0 dagger, a
                  | scroll of vulnerability, 9 poisoned darts, a +2 buckler, a
                  | potion of heal wounds, a +0 leather armour.
     0 | D:1      | Reached XP level 1. HP: 16/16 MP: 1/1
   344 | D:1      | Reached skill level 1 in Short Blades
   370 | D:1      | Reached XP level 2. HP: 11/22 MP: 2/2
   774 | D:1      | Reached XP level 3. HP: 23/28 MP: 3/3
  1038 | D:1      | Found a faded altar of an unknown god.
  1499 | D:2      | Reached skill level 1 in Polearms
  1499 | D:2      | Reached XP level 4. HP: 35/35 MP: 4/4
  1693 | D:2      | Noticed Robin
  1738 | D:2      | Killed Robin
  1952 | D:2      | Reached skill level 1 in Dodging
  1963 | D:2      | Reached XP level 5. HP: 41/41 MP: 5/5
  2316 | D:3      | Noticed Ijyb
  2376 | D:3      | Killed Ijyb
  2813 | D:3      | Reached XP level 6. HP: 20/48 MP: 6/6
  3130 | D:3      | Noticed Jessica
  3134 | D:3      | Killed Jessica
  3322 | D:3      | Found a bloodstained altar of Trog.
  3337 | D:3      | Became a worshipper of Trog the Wrathful
  3482 | D:3      | Found a runed translucent gate.
  3483 | D:3      | Found a runed translucent gate.
  3483 | D:3      | Noticed ytrimaz's ghost (amateur OpTm)
  3484 | D:3      | Found a runed translucent gate.
  3515 | D:3      | Killed ytrimaz's ghost
  3516 | D:3      | Reached skill level 1 in Evocations
  3516 | D:3      | Reached XP level 7. HP: 45/54 MP: 7/7
  3707 | D:3      | Found a runed translucent door.
  3708 | D:3      | Noticed Crazy Yiuf
  3719 | D:3      | Killed Crazy Yiuf
  4204 | D:4      | Noticed Dowan
  4207 | D:4      | Noticed Duvessa
  4219 | D:4      | Killed Duvessa
  4220 | D:4      | Reached skill level 5 in Fighting
  4225 | D:4      | Killed Dowan
  4388 | D:4      | Noticed Menkaure
  4414 | D:4      | Killed Menkaure
  4415 | D:4      | Reached XP level 8. HP: 62/62 MP: 8/8
  4444 | D:4      | Found a radiant altar of Vehumet.
  5158 | D:4      | Identified 3 scrolls of acquirement
  5223 | D:5      | Entered Level 5 of the Dungeon
  5240 | D:4      | Acquired a manual of Short Blades
  5242 | D:4      | Acquired the +3 warlock's mirror {reflect}
  5242 | D:4      | Found the +3 warlock's mirror {reflect}
  5592 | D:5      | Reached skill level 1 in Armour
  5623 | D:5      | Identified the +8 war axe of Lust {freeze, rPois}
  5663 | D:5      | Reached skill level 8 in Axes
  5663 | D:5      | Reached XP level 9. HP: 75/75 MP: 9/9
  5754 | D:5      | Found an ornate altar of the Wu Jian Council.
  5823 | D:5      | Reached * piety under Trog
  5965 | D:5      | Reached XP level 10. HP: 82/82 MP: 10/10
  6067 | D:6      | Reached skill level 5 in Throwing
  6101 | D:6      | Found a staircase to the Ecumenical Temple.
  6364 | D:6      | Found a runed translucent door.
  6367 | D:6      | Noticed Newt's ghost (novice KoHu)
  6430 | D:6      | Killed Newt's ghost
  6436 | D:6      | Identified the +2 robe "Umnyunuq" {-Cast +Blink rF+ Will+}
  6675 | D:6      | Found a snail-covered altar of Cheibriados.
  6874 | D:7      | Found a burning altar of Makhleb.
  6927 | D:7      | Found a hazy altar of Hepliaklqana.
  6928 | D:7      | Found a shadowy altar of Dithmenos.
  7209 | D:7      | Reached ** piety under Trog
  7382 | D:7      | Reached skill level 5 in Dodging
  7835 | D:8      | Noticed Maggie
  7843 | D:8      | Killed Maggie
  7909 | D:8      | Found a basalt altar of Yredelemnul.
  8466 | D:8      | Reached *** piety under Trog
  8503 | D:8      | Found a broken altar of Ashenzari.
  8543 | D:8      | Reached XP level 11. HP: 89/89 MP: 11/11
  9001 | D:9      | Reached skill level 10 in Fighting
  9136 | D:9      | Found the +7 Throatcutter {drain, coup de grace}
  9139 | D:9      | Found a staircase to the Lair.
  9140 | D:9      | You fall into a shaft and drop 2 floors!
  9227 | D:11     | Noticed a green ugly thing
  9237 | D:11     | Killed a green ugly thing
  9238 | D:11     | Reached skill level 5 in Armour
  9411 | D:11     | Noticed a two-headed ogre
  9412 | D:11     | Noticed a manticore
  9417 | D:11     | Killed a two-headed ogre
  9418 | D:11     | Reached skill level 9 in Axes
  9423 | D:11     | Killed a manticore
  9495 | D:11     | Identified the +6 great sword "Mugamiqo" {freeze, *Noise
                  | Drain rCorr Int+7}
  9512 | D:10     | Entered Level 10 of the Dungeon
  9746 | D:10     | Reached skill level 10 in Axes
  9869 | Lair:1   | Entered Level 1 of the Lair of Beasts
  9904 | Lair:1   | Noticed Sonja
  9917 | Lair:1   | Reached XP level 12. HP: 86/100 MP: 12/12
  9918 | Lair:1   | Killed Sonja
  9934 | Lair:1   | Noticed an eight-headed hydra
  9947 | Lair:1   | Killed an eight-headed hydra
 10138 | Lair:1   | Acquired an amulet of regeneration
 10280 | Lair:1   | Noticed Amaemon
 10293 | Lair:1   | Killed Amaemon
 10553 | Lair:1   | Noticed Prince Ribbit
 10563 | Lair:1   | Killed Prince Ribbit
 11445 | Lair:2   | Found a staircase to the Shoals.
 11456 | Lair:2   | Reached skill level 5 in Evocations
 11958 | Lair:3   | Noticed an eight-headed hydra
 11975 | Lair:3   | Killed a 12-headed hydra
 12102 | Lair:3   | Noticed a spriggan rider
 12114 | Lair:3   | Killed a spriggan rider
 12115 | Lair:3   | Reached XP level 13. HP: 108/108 MP: 13/13
 12121 | Lair:3   | Reached skill level 11 in Axes
 12219 | Lair:3   | Found a hole to the Spider Nest.
 12234 | Lair:3   | Reached **** piety under Trog
 12464 | Lair:3   | Found a burning altar of Makhleb.
 12471 | Lair:3   | Identified the +7 rapier of Zoabomp {speed, Will+ Str+3}
 12859 | Lair:3   | Identified the +5 plate armour of Bedevilment {+Inv rF-
                  | Will++ Int+8}
 13097 | Lair:4   | Noticed a boulder beetle
 13123 | Lair:4   | Killed a boulder beetle
 13827 | Lair:5   | Entered Level 5 of the Lair of Beasts
 13885 | Lair:5   | Reached XP level 14. HP: 113/118 MP: 14/14
 13997 | Lair:5   | Found a viscous altar of Jiyva.
 13998 | Lair:5   | Found a staircase to the Slime Pits.
 14006 | Lair:5   | Reached skill level 12 in Axes
 14120 | Lair:5   | Found a runed translucent gate.
 14120 | Lair:5   | Found a runed translucent gate.
 14120 | Lair:5   | Noticed spiderkeys's ghost (journeyman OpBe)
 14122 | Lair:5   | Found a runed translucent gate.
 14149 | Lair:5   | Killed spiderkeys's ghost
 14332 | Lair:5   | Reached skill level 10 in Armour
 14506 | Lair:5   | Reached skill level 10 in Shields
 15170 | Lair:5   | Identified the +11 short sword "Suhuiv" {spect, Int+3}
 15417 | D:10     | Noticed Gastronok
 15436 | D:10     | Killed Gastronok
 15436 | D:10     | Reached ***** piety under Trog
 15437 | D:10     | Reached XP level 15. HP: 80/123 MP: 15/15
 15488 | D:10     | Found a staircase to the Orcish Mines.
 15496 | Orc:1    | Entered Level 1 of the Orcish Mines
 15609 | Orc:2    | Entered Level 2 of the Orcish Mines
 15695 | Orc:2    | Received a gift from Trog
 15934 | Orc:2    | Found Uschidgh's General Store.
 15957 | Orc:2    | Bought a scroll of identify for 34 gold pieces
 15958 | Orc:2    | Bought a potion of curing for 51 gold pieces
 16051 | Orc:2    | Found Pyuseoga's Magic Scroll Shop.
 16237 | Orc:2    | Found Goofru Nysu's Magic Scroll Boutique.
 16289 | Orc:2    | Bought a scroll of identify for 34 gold pieces
 16289 | Orc:2    | Bought a scroll of identify for 34 gold pieces
 16289 | Orc:2    | Bought a scroll of identify for 34 gold pieces
 16289 | Orc:2    | Bought a scroll of blinking for 127 gold pieces
 16294 | Orc:2    | Bought a scroll of identify for 22 gold pieces
 16294 | Orc:2    | Bought a scroll of identify for 22 gold pieces
 16392 | Orc:2    | Found a staircase to the Elven Halls.
 16954 | Orc:2    | Reached skill level 13 in Axes
 16955 | Orc:2    | Found Kydeqig's Antique Weapon Shoppe.
 16955 | Orc:2    | Found Dorabezi's Jewellery Emporium.
 16957 | Orc:2    | Found a one-way gate leading to the halls of Pandemonium.
 16963 | Orc:2    | Bought the ring "Ilirreil" {Fly rF+ Str+6} for 937 gold
                  | pieces
 18669 | D:12     | Acquired the +15 Maxwell's patent armour {-Cast -Tele rElec
                  | Will+ rCorr}
 18669 | D:12     | Found the +15 Maxwell's patent armour {-Cast -Tele rElec
                  | Will+ rCorr}
 18978 | D:13     | Noticed Frances
 18991 | D:13     | Killed Frances
 19032 | D:13     | Identified the +0 cloak of Talaph {Will+ rCorr}
 19384 | D:13     | Reached skill level 10 in Dodging
 19419 | D:13     | Reached skill level 14 in Axes
 19570 | D:13     | Reached XP level 16. HP: 130/130 MP: 16/16
 19938 | D:14     | Found Wefraast's Antique Weapon Shoppe.
 19944 | D:14     | Found Gyryus's Jewellery Emporium.
 20240 | D:14     | Noticed Kirke
 20257 | D:14     | Killed Kirke
 20326 | D:14     | Reached skill level 15 in Axes
 20533 | D:14     | Found a gate to the Vaults.
 20852 | D:15     | Entered Level 15 of the Dungeon
 20852 | D:15     | Found Licawumepu's Changing Room.
 20952 | D:15     | Bought a potion of lignification for 42 gold pieces
 21168 | D:15     | Noticed Roxanne
 21192 | D:15     | Killed Roxanne
 21347 | D:15     | Found a staircase to the Depths.
 21702 | Shoals:1 | Entered Level 1 of the Shoals
 21702 | Shoals:1 | Noticed a kraken
 21714 | Shoals:1 | Killed a kraken
 22784 | Shoals:2 | Noticed Polyphemus
 22800 | Shoals:2 | Killed Polyphemus
 22801 | Shoals:2 | Reached XP level 17. HP: 138/138 MP: 17/17
 23491 | Shoals:3 | Noticed Louise
 23520 | Shoals:3 | Killed Louise
 24186 | Shoals:4 | Entered Level 4 of the Shoals
 24215 | Shoals:4 | Noticed Donald
 24239 | Shoals:4 | Killed Donald
 24521 | Shoals:4 | Got a barnacled rune of Zot
 24982 | Shoals:4 | Reached skill level 15 in Shields
 25341 | Shoals:4 | Identified the +2 robe "Hiazycuh" {Int+4}
 25642 | Spider:1 | Entered Level 1 of the Spider Nest
 25976 | Spider:1 | Reached XP level 18. HP: 115/146 MP: 18/18
 26637 | Spider:1 | Reached skill level 16 in Axes
 27189 | Spider:2 | Noticed Mlioglotl
 27214 | Spider:2 | Killed Mlioglotl
 27540 | Spider:2 | Reached skill level 10 in Throwing
 28749 | Spider:3 | Reached skill level 15 in Fighting
 28826 | Spider:4 | Entered Level 4 of the Spider Nest
 29250 | Spider:4 | Reached skill level 17 in Axes
 29326 | Spider:4 | Reached XP level 19. HP: 155/155 MP: 0/19
 30361 | Spider:4 | Identified the +0 pair of gloves "Ysozuk" {Will+ SInv}
 30420 | Spider:4 | Got a gossamer rune of Zot
 30729 | Elf:1    | Entered Level 1 of the Elven Halls
 31657 | Elf:1    | Identified the +6 broad axe of Eternal Harmony {vorpal,
                  | Fragile rElec Will+++ Str+4} (Trog gifted it to you on
                  | level 1 of the Elven Halls)
 31657 | Elf:1    | Received a gift from Trog
 32321 | Elf:1    | Paralysed by an air elemental for 1 turns
 32350 | Elf:1    | Acquired a manual of Throwing
 32725 | Elf:2    | Found a portal to a secret trove of treasure.
 32725 | Elf:2    | Paralysed by an air elemental for 1 turns
 32728 | Elf:2    | Paralysed by an air elemental for 1 turns
 32756 | Elf:2    | Found Jipie's Magic Scroll Shop.
 32824 | Elf:2    | Found Filloxzim's Antique Armour Shop.
 32831 | Elf:2    | Found Uriewnepn's Assorted Antiques.
 32863 | Elf:2    | Found Oxkuwapn's Magic Scroll Emporium.
 32958 | Elf:2    | Noticed Nikola
 32978 | Elf:2    | Killed Nikola
 33127 | Elf:2    | Found a runed translucent gate.
 33127 | Elf:2    | Found a runed translucent gate.
 33127 | Elf:2    | Found a runed translucent gate.
 33710 | Elf:2    | Reached skill level 15 in Throwing
 33907 | Elf:2    | Reached XP level 20. HP: 142/162 MP: 20/20
 34242 | Elf:3    | Entered Level 3 of the Elven Halls
 34568 | Elf:3    | Paralysed by an air elemental for 1 turns
 34616 | Elf:3    | Noticed a Brimstone Fiend
 34620 | Elf:3    | Received a gift from Trog
 34760 | Elf:3    | Reached skill level 18 in Axes
 34760 | Elf:3    | Identified the +6 scimitar of Sistusy {drain, Will+}
 35244 | Elf:3    | Received a gift from Trog
 35372 | Elf:3    | Noticed Aizul
 35387 | Elf:3    | Killed Aizul
 35630 | Elf:3    | Identified the ring "Xicaru" {Wiz Str+3}
 36076 | Slime:1  | Entered Level 1 of the Pits of Slime
 36096 | Slime:1  | Gained mutation: You are frail. (-10% HP) [a shining eye]
 36207 | Slime:2  | Gained mutation: You occasionally shout uncontrollably at
                  | your foes. [a shining eye]
 36844 | Slime:3  | Reached XP level 21. HP: 99/153 MP: 21/21
 37029 | Slime:4  | Found a viscous altar of Jiyva.
 37087 | Slime:5  | Entered Level 5 of the Pits of Slime
 37102 | Slime:5  | Noticed the Royal Jelly
 37288 | Slime:5  | Reached skill level 10 in Evocations
 38274 | Slime:5  | Gained mutation: You are weak. (Str -2) [a shining eye]
 38319 | Slime:4  | Lost mutation: You are weak. (Str -2) [potion of mutation]
 38319 | Slime:4  | Lost mutation: You occasionally shout uncontrollably at
                  | your foes. [potion of mutation]
 38319 | Slime:4  | Gained mutation: You occasionally shout uncontrollably at
                  | your foes. [potion of mutation]
 38319 | Slime:4  | Gained mutation: You possess an exceptional clarity of
                  | mind. [potion of mutation]
 38319 | Slime:4  | Gained mutation: You have hidden genetic potential. [potion
                  | of mutation]
 38356 | Slime:5  | Killed the Royal Jelly
 38366 | Slime:5  | Demolished by a rockslime

Illustrated notes

Levels and vault maps discovered:
D:1:      roderic_chinese_lattice_arrival, layout_basic,
          dreamdust_ecumenical_altar_statues
D:2:      layout_rooms, nicolae_concentric_dashed_squares_wild,
          dreamdust_princess_corridor, minivault_23, uniq_robin
D:3:      layout_loops_ring, trog_butcher_becter, ebering_ghost_rock_garden,
          uniq_ijyb, uniq_jessica, uniq_crazy_yiuf_cottage
D:4:      layout_cave_pools, nicolae_vehumet_altar_sigil, grunt_ministairs_4,
          kennysheep_generic_room_10, uniq_menkaure, uniq_duvessa
D:5:      layout_rooms, mainiacjoe_overflow_alcove_1
D:6:      layout_basic, mainiacjoe_overflow_six_doors_small,
          minmay_temple_entry_stoned_glass, ebering_ghost_sewer_d, serial_glass,
          glass_columns_a, glass_columns_b
D:7:      layout_basic, riverfiend_overflow_shadow_ancestor, bloody_makhleb,
          hangedman_abyss_or_decor_stagger, corexii_hall_statues_t
D:8:      layout_basic, lemuel_doored_altar, ashenzari_altar_1, special_room
          [special_room_orc], uniq_maggie
D:9:      layout_big_octagon, lair_entry_dummy
D:10:     layout_rooms, hiddenorc1_lemuel, uniq_gastronok
D:11:     layout_layer_cave
D:12:     layout_gridville, feat_on_display
D:13:     layout_loops_corners, hive_lemuel, uniq_frances
D:14:     layout_loops_ring, david_vaults_1, serial_shops, shop,
          minmay_shop_enchanted_jewellery, serial_bayou_lake_a, uniq_kirke
D:15:     grunt_enter_depths_snipers, layout_rooms,
          hangedman_abyss_or_decor_lesser_grid, minivault_16,
          nicolae_transmutations_shop, uniq_roxanne
Lair:1:   layout_loops_ring, infiniplex_staircase_pool, uniq_sonja,
          uniq_amaemon, uniq_prince_ribbit2
Lair:2:   layout_gridlike, elwin_shoals_entry_rooms
Lair:3:   kb_forest_paths, layout_chaotic_city,
          hellmonk_spider_entry_not_the_bees, basic_altar
Lair:4:   layout_gridlike, grunt_megastairs_1
Lair:5:   evilmike_catoblepas_cave, layout_small_grid,
          minmay_slime_entry_pillars, gammafunk_ghost_split, serial_bayou_ford_a
Shoals:1: layout_shoals
Shoals:2: layout_shoals, abandoned_shop, nicolae_shoals_lost_giant_amphitheater,
          uniq_polyphemus
Shoals:3: layout_shoals, uniq_louise
Shoals:4: shoals_end_simple, layout_shoals, uniq_donald
Spider:1: layout_spider_delve, nicolae_spider_webs_and_nodes,
          hellmonk_spider_spawner
Spider:2: layout_cave_pods, uniq_mlioglotl
Spider:3: layout_spider_delve
Spider:4: guppyfry_spider_rune
Slime:1:  layout_caves
Slime:2:  layout_caves
Slime:3:  layout_caves
Slime:4:  layout_caves, basic_altar, cheibrodos_slime_lost_civilization_6
Slime:5
Orc:1:    layout_caves, basic_altar
Orc:2:    pf_orc_diabolical, layout_caves, serial_shops, nicolae_shop_crystal,
          hellmonk_bongcloud_opening, david_defended_altar_orc
Elf:1:    layout_geoelf_diagonals, hangedman_corner_corridor,
          nicolae_elf_m_pinch
Elf:2:    elven_hall_of_blades_hangedman_original
          [nicolae_blade_entry_diamond_columns], layout_geoelf_grid,
          serial_shops, shop, nicolae_shop_competitors_out_of_business,
          nicolae_shop_statue_plus, shop, nicolae_trove_entry_crossroad,
          uniq_nikola
Elf:3:    minmay_elf_hall_quartered_circle, layout_loops_corners, uniq_aizul

Skill      XL: |  1  2  3  4  5  6  7  8  9 10 11 12 13 14 15 16 17 18 19 20 21 |
---------------+----------------------------------------------------------------+-----
Short Blades   | 1 2 |  2.0
Fighting       | 3 4 5 8 9 11 12 13 14 15 16 | 16.0
Polearms       | 1 2 3 4 |  4.0
Dodging        | 1 3 4 6 7 10 11 | 11.9
Evocations     | 2 3 5 6 7 8 10 | 10.0
Throwing       | 4 5 6 7 8 9 11 15 17 | 17.0
Armour         | 2 4 5 6 8 10 11 13 | 13.0
Axes           | 8 10 11 12 14 15 17 18 | 18.8
Shields        | 6 7 12 16 17 | 17.0
Stealth        | 3 |  3.0

Action                   |  1- 3 |  4- 6 |  7- 9 | 10-12 | 13-15 | 16-18 | 19-21 || total
-------------------------+-------+-------+-------+-------+-------+-------+-------++-------
Melee: Dagger            |   125 |       |       |       |       |       |       ||   125
       Spear             |    29 |   259 |   178 |       |       |       |       ||   466
       War axe           |       |       |    17 |   456 |   715 |  1051 |   127 ||  2366
       Broad axe         |       |       |       |       |       |       |   668 ||   668
Throw: Dart              |    10 |    32 |       |     4 |       |       |       ||    46
       Boomerang         |       |       |    23 |    82 |    65 |   125 |    83 ||   378
       Javelin           |       |       |     3 |    14 |     2 |    17 |    10 ||    46
       Throwing net      |       |       |       |     1 |     2 |       |       ||     3
Invok: Berserk           |       |       |       |     8 |    10 |    21 |    12 ||    51
       Trog's Hand       |       |       |       |    11 |    21 |    35 |    19 ||    86
       Brothers in Arms  |       |       |       |       |     3 |     3 |     2 ||     8
Evoke: Wand              |       |     1 |     4 |    11 |     1 |     2 |    14 ||    33
       Phial of floods   |       |       |       |       |       |     1 |       ||     1
       Condenser vane    |       |       |       |       |       |       |     1 ||     1
  Use: Scroll            |       |     5 |     6 |     8 |    14 |     5 |     3 ||    41
       Potion            |       |     2 |     2 |     1 |       |     1 |    17 ||    23
 Stab: Sleeping          |       |       |     4 |     3 |     2 |       |       ||     9
       Held in net/web   |       |       |       |     2 |       |       |       ||     2
       Petrified         |       |       |       |       |     8 |     9 |       ||    17
       Petrifying        |       |       |       |       |     1 |     2 |       ||     3
       Distracted        |       |       |       |       |       |     1 |       ||     1
       Invisible         |       |       |       |       |       |       |     3 ||     3
Armor: Leather armour    |    63 |    28 |       |       |       |       |       ||    91
       Animal skin       |       |    51 |       |       |       |       |       ||    51
       Ring mail         |       |    26 |    91 |    86 |     3 |       |       ||   206
       Swamp dragon scal |       |       |       |     9 |       |       |       ||     9
       Robe              |       |       |       |    35 |    29 |       |       ||    64
       Plate armour      |       |       |       |       |   276 |   628 |   370 ||  1274
Dodge: Dodged            |    58 |    99 |    84 |   185 |   215 |   322 |   158 ||  1121
Block: Buckler           |    43 |    68 |    56 |   225 |   285 |   179 |       ||   856
       Reflection        |       |       |       |     9 |    29 |    49 |    75 ||   162
       Tower shield      |       |       |       |       |       |   847 |   844 ||  1691

Table legend: (Time is in decaauts)
 A = Elapsed time spent in this place.
 B = Non-inter-level travel time spent in this place.
 C = Inter-level travel time spent in this place.
 D = Time resting spent in this place.
 E = Time spent auto-exploring this place.
 F = Levels seen in this place.
 G = Mean time per level.
                   A        B        C        D        E       F      G
               +--------+--------+--------+--------+--------+-----+--------+
         Total |  38463 |  35780 |   2683 |   4438 |  22562 |  38 | 1012.2 |
       Dungeon |  14823 |  13885 |    938 |   2475 |   8113 |  15 |  988.2 |
          Lair |   5900 |   5302 |    598 |    485 |   3559 |   5 | 1180.0 |
        Shoals |   3868 |   3718 |    150 |     29 |   2835 |   4 |  967.0 |
   Spider Nest |   5187 |   4733 |    454 |      6 |   3618 |   4 | 1296.8 |
    Slime Pits |   2269 |   2236 |     33 |   1094 |    667 |   5 |  453.8 |
  Orcish Mines |   1922 |   1587 |    335 |    163 |    880 |   2 |  961.0 |
   Elven Halls |   4491 |   4319 |    172 |    184 |   2889 |   3 | 1497.0 |
               +--------+--------+--------+--------+--------+-----+--------+

Top non-repeatable levels by time:
     D:3: 1905 daAuts
   Elf:3: 1581 daAuts
   Elf:2: 1555 daAuts
Spider:4: 1545 daAuts
Spider:2: 1490 daAuts
  Lair:5: 1434 daAuts
     D:1: 1383 daAuts
Shoals:4: 1366 daAuts
   Orc:2: 1365 daAuts
   Elf:1: 1354 daAuts
  Lair:3: 1273 daAuts
  Lair:1: 1231 daAuts
    D:11: 1179 daAuts
  Lair:2: 1164 daAuts
Spider:1: 1151 daAuts
